 Dungeon Crawl Stone Soup version 0.25-a0-109-ge9c0e85935 (webtiles) character file.

Game seed: 17628089948729730651, levelgen mode: deterministic

312 vurker the Chopper (level 6, -5/49 HPs)
             Began as a Formicid Abyssal Knight on Nov 18, 2019.
             Was a Priest of Lugonu.
             Slain by a river rat (7 damage)
             ... on level 3 of the Dungeon.
             The game lasted 00:07:12 (3518 turns).

vurker the Chopper (Formicid Abyssal Knight)        Turns: 3518, Time: 00:07:12

Health: -5/49      AC: 10    Str: 18    XL:     6   Next: 70%
Magic:  9/9        EV:  7    Int: 12    God:    Lugonu [***...]
Gold:   205        SH:  0    Dex: 10    Spells: 5/5 levels left

rFire    + . .     SeeInvis +   a - +1 hand axe
rCold    . . .     Gourm    .   (no shield)
rNeg     . . .     Faith    .   p - +0 chain mail
rPois    .         Spirit   .   (helmet unavailable)
rElec    .         Reflect  .   (no cloak)
rCorr    .         Harm     .   r - +0 pair of gloves
MR       .....                  g - +0 pair of boots
Stlth    ..........             f - amulet of magic regeneration
HPRegen  0.16/turn              q - ring of protection from fire
MPRegen  0.36/turn              (no ring)

@: no status effects
A: permanent stasis, dig shafts and tunnels, four strong arms, antennae 3
a: Dig, Shaft Self, Depart the Abyss, Bend Space, Banish, Renounce Religion


You were on level 3 of the Dungeon.
You worshipped Lugonu.
Lugonu was most pleased with you.
You were hungry.

You visited 1 branch of the dungeon, and saw 3 of its levels.
You visited the Abyss 1 time.

You collected 205 gold pieces.

Inventory:

Hand Weapons
 a - a +1 hand axe (weapon)
Armour
 g - a +0 pair of boots (worn)
   (You found it on level 1 of the Dungeon)
 p - a +0 chain mail (worn)
   (You found it on level 2 of the Dungeon)
 r - a +0 pair of gloves (worn)
   (You found it on level 2 of the Dungeon)
Jewellery
 f - an amulet of magic regeneration (around neck)
   (You found it on level 1 of the Dungeon)
 q - a ring of protection from fire (left hand)
   (You found it on level 2 of the Dungeon)
 x - a cursed amulet of inaccuracy {unknown}
   (You found it on level 3 of the Dungeon)
Wands
 d - a wand of iceblast (5)
   (You found it on level 2 of the Dungeon)
 u - a wand of enslavement (3)
   (You took it off Ijyb on level 3 of the Dungeon)
Scrolls
 b - a scroll of magic mapping {unknown}
 c - 2 scrolls of remove curse {unknown}
 h - a scroll of fog {unknown}
 j - 2 scrolls of amnesia {unknown}
 l - a scroll of enchant weapon {unknown}
 n - 3 scrolls of blinking {unknown}
 s - a scroll of immolation {unknown}
 t - a scroll of fear {unknown}
 v - a scroll of identify
 w - a scroll of teleportation {unknown}
Potions
 i - a potion of flight
 k - a potion of might
 m - a potion of heal wounds
Comestibles
 e - 7 rations
 o - a chunk of flesh


   Skills:
 + Level 4.5 Fighting
 * Level 4.6 Axes
 - Level 2.1 Armour
 - Level 0.8 Dodging
 + Level 4.0 Invocations
 + Level 2.0 Evocations


You had 5 spell levels left.
You didn't know any spells.
Your spell library was empty.

Dungeon Overview and Level Annotations

Branches:
Dungeon (3/15)

Altars:
Gozag
Hepliaklqana
Okawaru
Qazlal
Ru
Xom

Annotations:
D:3 1 runed translucent door, Crazy Yiuf


Innate Abilities, Weirdness & Mutations

You cannot be hasted, slowed, berserked, paralysed or teleported.
You can dig through walls and to a lower floor.
Your four strong arms can wield two-handed weapons with a shield.
You have a pair of large antennae on your head. (SInv)


Message History

The worm bites you but does no damage.
You hit the worm.
You hit the river rat but do no damage. x2
The river rat barely misses you.
The river rat bites you but does no damage.
The worm misses you.
The river rat bites you but does no damage.
Your unstable footing causes you to fumble your attack.
The river rat completely misses you. The river rat closely misses you.
You hit the worm.
You hit the river rat but do no damage. x2
The river rat bites you but does no damage.
The worm bites you. The river rat closely misses you. The river rat bites you.
You hit the worm.
You kill the worm!
Lugonu accepts your kill.
Your Evocations skill increases to level 2!
You closely miss the river rat. You hit the river rat but do no damage.
The river rat bites you!
* * * LOW HITPOINT WARNING * * *
The river rat bites you but does no damage.
The river rat bites you.
* * * LOW HITPOINT WARNING * * *
The river rat bites you.
* * * LOW HITPOINT WARNING * * *
The river rat barely misses you.
You hit the river rat. The river rat closely misses you.
You closely miss the river rat. The river rat bites you.
* * * LOW HITPOINT WARNING * * *
The river rat closely misses you.
You hit the river rat.
You are feeling hungry.
The river rat closely misses you.
You hit the river rat but do no damage. The river rat closely misses you.
You hit the river rat.
The river rat bites you but does no damage.
You hit the river rat but do no damage. The river rat barely misses you.
You hit the river rat but do no damage.
The river rat bites you but does no damage.
You hit the river rat.
You kill the river rat!
Lugonu accepts your kill.
You hit the river rat. The river rat barely misses you.
You hit the river rat.
The river rat bites you but does no damage.
The river rat twitches its whiskers.
You closely miss the river rat. The river rat bites you!
* * * LOW HITPOINT WARNING * * *
You closely miss the river rat. The river rat bites you.
* * * LOW HITPOINT WARNING * * *
The river rat bites you!
You die...

#.# #.# #.#
#.# #.# #.#
#.# #.# #@#
#r#
#r########
#..[......#
#.#######.#
#.%.......#
#..≈......#
#≈≈≈......#
#≈≈≈≈≈≈...#


You could see 2 river rats.

Vanquished Creatures
  Sigmund (D:3)
  Ijyb (D:3)
  2 adders (D:3)
  A river rat (D:3)
  2 oozes (D:1)
  5 worms
  A dart slug (D:1)
  A leopard gecko (D:1)
  2 orcs (D:3)
  2 ball pythons
  9 bats
  5 giant cockroaches
  9 goblins (D:1)
  10 hobgoblins
  8 frilled lizards
  5 kobolds
  31 rats
95 creatures vanquished.

Notes
Turn   | Place    | Note
-------+----------+-------------------------------------------
     0 | Abyss:1  | vurker the Formicid Abyssal Knight began the quest for the
                  | Orb.
     0 | Abyss:1  | Reached XP level 1. HP: 18/18 MP: 2/2
     2 | Abyss:1  | Found a corrupted altar of Lugonu.
    23 | Abyss:2  | Noticed a large abomination
    35 | Abyss:2  | Found a stormy altar of Qazlal.
    43 | Abyss:2  | Noticed a tentacled starspawn
    50 | D:1      | Escaped the Abyss
    57 | D:1      | Reached * piety under Lugonu
    62 | D:1      | Reached XP level 2. HP: 18/24 MP: 3/3
   408 | D:1      | Reached XP level 3. HP: 23/29 MP: 4/4
   990 | D:1      | Reached ** piety under Lugonu
  1085 | D:1      | Reached XP level 4. HP: 37/37 MP: 6/6
  2476 | D:2      | Found an iron altar of Okawaru.
  2481 | D:2      | Found a shimmering altar of Xom.
  2481 | D:2      | Found an opulent altar of Gozag.
  2482 | D:2      | Found a stormy altar of Qazlal.
  2700 | D:3      | Found a sacrificial altar of Ru.
  2801 | D:3      | Noticed Sigmund
  2802 | D:3      | Found a hazy altar of Hepliaklqana.
  2820 | D:3      | Reached XP level 5. HP: 15/42 MP: 7/7
  2821 | D:3      | Killed Sigmund
  2821 | D:3      | Reached *** piety under Lugonu
  2821 | D:3      | Reached skill level 1 in Evocations
  2821 | D:3      | Reached XP level 6. HP: 18/49 MP: 8/8
  3133 | D:3      | Noticed Ijyb
  3144 | D:3      | Killed Ijyb
  3199 | D:3      | Found a runed translucent door.
  3200 | D:3      | Noticed Crazy Yiuf
  3518 | D:3      | HP: 2/49 [river rat (2)]
  3518 | D:3      | Slain by a river rat

Levels and vault maps discovered:
D:1:      erik_arrival_orb_chamber, layout_basic, st_stairs_4
D:2:      layout_loops_corners, grunt_temple_overflow_open, serial_glass,
          glass_columns_b, glass_columns_a
D:3:      layout_basic, nicolae_overflow_crystal_walls, portal_sewer_entry_e,
          first_ration, nicolae_ru_sacrificial_ziggurat, uniq_ijyb,
          uniq_crazy_yiuf_cottage, uniq_sigmund

Skill      XL: |  1  2  3  4  5  6 |
---------------+-------------------+-----
Axes           | 3 4 |  4.6
Invocations    | 3 4 |  4.0
Fighting       | 4 |  4.5
Evocations     | 1 2 |  2.0
Armour         | |  2.1
Dodging        | |  0.8

Action                   |  1- 3 |  4- 6 || total
-------------------------+-------+-------++-------
Melee: Hand axe          |    89 |   181 ||   270
Invok: Depart the Abyss  |     1 |       ||     1
Evoke: Wand              |       |     2 ||     2
  Use: Scroll            |       |     3 ||     3
  Eat: Chunk             |     1 |     7 ||     8
Armor: Leather armour    |    47 |    13 ||    60
       Chain mail        |       |    83 ||    83
       Scale mail        |       |     5 ||     5
Dodge: Dodged            |    54 |    93 ||   147

Table legend:
 A = Non-vault XP
 B = Vault XP
 C = Vault XP percentage of total XP
 D = Non-vault monster count
 E = Vault monster count
 F = Vault count percentage of total count
                 A         B        C        D         E       F
            +---------+---------+-------+---------+---------+-------
      Total |     164 |     282 |  63.2 |      73 |      22 |  23.2
            +---------+---------+-------+---------+---------+-------
        D:1 |      68 |      14 |  17.1 |      34 |      14 |  29.2
        D:2 |      32 |       0 |   0.0 |      16 |       0 |   0.0
        D:3 |      64 |     268 |  80.7 |      23 |       8 |  25.8
            +---------+---------+-------+---------+---------+-------
